TOP OF THE 1ST |
Cincinnati Reds batting - Pitching for Pittsburgh Pirates : RHP Chad Mangum
|
Pitching: RHP Chad Mangum
|
|
Batting: LHB Satoru Handa
|
0-0: Ball 1-0: Ball 2-0: Called Strike 2-1: Swinging Strike 2-2: Strikes out swinging
|
Batting: RHB Willie Cardamone
|
0-0: Called Strike 0-1: Ground out 5-3 (Groundball, 15, EV 88.8 MPH)
|
Batting: LHB Jake Bill
|
0-0: Ball 1-0: Ground out 4-3 (Groundball, 4M, EV 80.0 MPH)
|
Top of the 1st over - 0 runs, 0 hits, 0 errors, 0 left on base; Cincinnati 0 - Pittsburgh 0 |
BOTTOM OF THE 1ST |
Pittsburgh Pirates batting - Pitching for Cincinnati Reds : RHP Curt Stevens
|
Pitching: RHP Curt Stevens
|
|
Batting: RHB Eisse Bravenboer
|
0-0: Called Strike 0-1: Called Strike 0-2: Strikes out swinging
|
Batting: RHB Steve Jordan
|
0-0: Ball 1-0: Foul Ball, location: 2F 1-1: Ball 2-1: Bunted foul 2-2: DOUBLE (Line Drive, 9LS, EV 102.5 MPH)
|
Batting: SHB Marvin McAleer
|
0-0: Ball 1-0: Swinging Strike 1-1: Swinging Strike 1-2: Ground out 2-3 (Groundball, 2L, EV 75.0 MPH) Steve Jordan to third
|
Batting: LHB Theodore Conboy
|
0-0: Ball 1-0: Ground out 4-3 (Groundball, 4, EV 97.5 MPH)
|
Bottom of the 1st over - 0 runs, 1 hit, 0 errors, 1 left on base; Cincinnati 0 - Pittsburgh 0 |
TOP OF THE 2ND |
Cincinnati Reds batting - Pitching for Pittsburgh Pirates : RHP Chad Mangum
|
Batting: LHB Sean Geisler
|
0-0: Called Strike 0-1: Ball 1-1: Ball 2-1: Foul Ball, location: 2F 2-2: Foul Ball, location: 2F 2-2: Foul Ball, location: 2F 2-2: Strikes out swinging
|
Batting: LHB Jon Ledesma
|
0-0: Ball 1-0: Foul Ball, location: 2F 1-1: Swinging Strike 1-2: Ground out 4-3 (Groundball, 4, EV 84.4 MPH)
|
Batting: LHB Andy Arbuckle
|
0-0: Ball 1-0: Ground out 4-3 (Groundball, 34, EV 100.0 MPH)
|
Top of the 2nd over - 0 runs, 0 hits, 0 errors, 0 left on base; Cincinnati 0 - Pittsburgh 0 |
BOTTOM OF THE 2ND |
Pittsburgh Pirates batting - Pitching for Cincinnati Reds : RHP Curt Stevens
|
Batting: RHB Tommie Eaton
|
0-0: Called Strike 0-1: Ball 1-1: Swinging Strike 1-2: Foul Ball, location: 2F 1-2: Ball 2-2: Ball 3-2: Strikes out looking
|
Batting: RHB Mike Thornton
|
0-0: Called Strike 0-1: Foul Ball, location: 2F 0-2: Ground out 5-3 (Groundball, 56, EV 103.1 MPH)
|
Batting: RHB Pedro Nin
|
0-0: Called Strike 0-1: Ball 1-1: Ball 2-1: SINGLE (Groundball, 56S, EV 72.5 MPH) (infield hit)
|
Batting: RHB Mike Bates
|
0-0: Called Strike 0-1: Swinging Strike 0-2: Ball 1-2: Strikes out swinging
|
Bottom of the 2nd over - 0 runs, 1 hit, 0 errors, 1 left on base; Cincinnati 0 - Pittsburgh 0 |
TOP OF THE 3RD |
Cincinnati Reds batting - Pitching for Pittsburgh Pirates : RHP Chad Mangum
|
Batting: SHB Dave Barefoot
|
0-0: Ball 1-0: Ball 2-0: Foul Ball, location: 2F 2-1: Foul Ball, location: 2F 2-2: SINGLE (Groundball, 25, EV 66.9 MPH) (infield hit)
|
Batting: RHB Tom Beckman
|
0-0: Called Strike 0-1: Ball 1-1: Ball 2-1: Foul Ball, location: 2F 2-2: Ball 3-2: Foul Ball, location: 2F 3-2: Fly out, F8 (Flyball, 8RXD, EV 95.6 MPH)
|
Batting: RHB Willie Lazcano
|
0-0: Ball 1-0: Called Strike 1-1: Ball 2-1: Foul Ball, location: 2F 2-2: Ball 3-2: Foul Ball, location: 2F 3-2: Base on Balls Dave Barefoot to second
|
Batting: LHB Satoru Handa
|
0-0: Called Strike 0-1: Foul Ball, location: 2F 0-2: Ball 1-2: Fielders Choice at 2nd, 6-4 (Groundball, 6MD, EV 84.4 MPH) Dave Barefoot to third
|
Batting: RHB Willie Cardamone
|
0-0: Called Strike 0-1: Ball 1-1: Ball 2-1: Foul Ball, location: 2F 2-2: Ground out 5-3 (Groundball, 5S, EV 63.8 MPH)
|
Top of the 3rd over - 0 runs, 1 hit, 0 errors, 2 left on base; Cincinnati 0 - Pittsburgh 0 |
BOTTOM OF THE 3RD |
Pittsburgh Pirates batting - Pitching for Cincinnati Reds : RHP Curt Stevens
|
Batting: RHB Lupe Covarrubias
|
0-0: Foul Ball, location: 2F 0-1: Called Strike 0-2: Ball 1-2: Strikes out swinging
|
Batting: RHB Eisse Bravenboer
|
0-0: Ball 1-0: Called Strike 1-1: Foul Ball, location: 2F 1-2: Ball 2-2: Ball 3-2: Strikes out swinging
|
Batting: RHB Steve Jordan
|
0-0: Swinging Strike 0-1: Ball 1-1: Ball 2-1: Fly out, F9 (Line Drive, 9, EV 83.8 MPH)
|
Bottom of the 3rd over - 0 runs, 0 hits, 0 errors, 0 left on base; Cincinnati 0 - Pittsburgh 0 |
TOP OF THE 4TH |
Cincinnati Reds batting - Pitching for Pittsburgh Pirates : RHP Chad Mangum
|
Batting: LHB Jake Bill
|
0-0: Fly out, F6 (Popup, 15S, EV 90.6 MPH)
|
Batting: LHB Sean Geisler
|
0-0: Fly out, F7 (Flyball, 7, EV 88.1 MPH)
|
Batting: LHB Jon Ledesma
|
0-0: Called Strike 0-1: Foul Ball, location: 2F 0-2: Ball 1-2: Strikes out swinging
|
Top of the 4th over - 0 runs, 0 hits, 0 errors, 0 left on base; Cincinnati 0 - Pittsburgh 0 |
BOTTOM OF THE 4TH |
Pittsburgh Pirates batting - Pitching for Cincinnati Reds : RHP Curt Stevens
|
Batting: SHB Marvin McAleer
|
0-0: Ball 1-0: Fly out, F3 (Line Drive, 3, EV 73.8 MPH)
|
Batting: LHB Theodore Conboy
|
0-0: Ball 1-0: Ball 2-0: Ball 3-0: Called Strike 3-1: Base on Balls
|
Batting: RHB Tommie Eaton
|
0-0: Ball Theodore Conboy steals 2nd base 1-0: Ball 2-0: Fly out, F8 (Flyball, 8RS, EV 91.9 MPH)
|
Batting: RHB Mike Thornton
|
0-0: Ball 1-0: Called Strike 1-1: Ball 2-1: Foul Ball, location: 2F 2-2: Ball 3-2: Foul Ball, location: 2F 3-2: Base on Balls
|
Batting: RHB Pedro Nin
|
0-0: Ball 1-0: Swinging Strike 1-1: Called Strike 1-2: Ball 2-2: Ball 3-2: Strikes out swinging
|
Bottom of the 4th over - 0 runs, 0 hits, 0 errors, 2 left on base; Cincinnati 0 - Pittsburgh 0 |
TOP OF THE 5TH |
Cincinnati Reds batting - Pitching for Pittsburgh Pirates : RHP Chad Mangum
|
Batting: LHB Andy Arbuckle
|
0-0: Called Strike 0-1: Swinging Strike 0-2: Ball 1-2: Ball 2-2: Ground out 6-3 (Groundball, 6, EV 79.4 MPH)
|
Batting: SHB Dave Barefoot
|
0-0: Called Strike 0-1: Swinging Strike 0-2: Foul Ball, location: 2F 0-2: Ball 1-2: Ground out 1-3 (Groundball, 13, EV 64.4 MPH)
|
Batting: RHB Tom Beckman
|
0-0: Ball 1-0: Ball 2-0: Ball 3-0: Fly out, F7 (Line Drive, 7S, EV 98.1 MPH)
|
Top of the 5th over - 0 runs, 0 hits, 0 errors, 0 left on base; Cincinnati 0 - Pittsburgh 0 |
BOTTOM OF THE 5TH |
Pittsburgh Pirates batting - Pitching for Cincinnati Reds : RHP Curt Stevens
|
Batting: RHB Mike Bates
|
0-0: Ground out 3-1 (Groundball, 34S, EV 89.4 MPH)
|
Batting: RHB Lupe Covarrubias
|
0-0: Bunt for hit to P - play at first, batter safe!
|
Batting: RHB Eisse Bravenboer
|
0-0: Ball 1-0: Swinging Strike 1-1: Called Strike 1-2: Foul Ball, location: 2F 1-2: SINGLE (Flyball, 8LS, EV 93.8 MPH) Lupe Covarrubias to second Runner from 2nd tries for 3rd, SAFE, throw by CF made to third
|
Batting: RHB Steve Jordan
|
0-0: Ball 1-0: Ball 2-0: Ball 3-0: Base on Balls Eisse Bravenboer to second
|
Batting: SHB Marvin McAleer
|
0-0: Ball 1-0: Called Strike 1-1: Fly out, F4 (Popup, 3DF, EV 49.4 MPH)
|
Batting: LHB Theodore Conboy
|
0-0: Swinging Strike 0-1: Ball 1-1: Ball 2-1: Ball 3-1: Called Strike 3-2: Foul Ball, location: 2F 3-2: Foul Ball, location: 2F 3-2: Strikes out swinging
|
Bottom of the 5th over - 0 runs, 2 hits, 0 errors, 3 left on base; Cincinnati 0 - Pittsburgh 0 |
TOP OF THE 6TH |
Cincinnati Reds batting - Pitching for Pittsburgh Pirates : RHP Chad Mangum
|
Batting: RHB Willie Lazcano
|
0-0: Fly out, F8 (Line Drive, 8RD, EV 98.1 MPH)
|
Batting: LHB Satoru Handa
|
0-0: Ball 1-0: Called Strike 1-1: Called Strike 1-2: Ground out 4-3 (Groundball, 4, EV 88.1 MPH)
|
Batting: RHB Willie Cardamone
|
0-0: SINGLE (Groundball, 56S, EV 68.8 MPH) (infield hit)
|
Batting: LHB Jake Bill
|
0-0: Ball Willie Cardamone steals 2nd base (no throw) 1-0: Ball 2-0: Called Strike 2-1: Swinging Strike 2-2: Ball 3-2: Base on Balls
|
Batting: LHB Sean Geisler
|
0-0: Ball 1-0: Foul Ball, location: 2F 1-1: Ball 2-1: Foul Ball, location: 2F 2-2: Ball 3-2: Base on Balls Willie Cardamone to third Jake Bill to second
|
Batting: LHB Jon Ledesma
|
0-0: Called Strike 0-1: Fly out, F8 (Flyball, 89XD, EV 84.4 MPH)
|
Top of the 6th over - 0 runs, 1 hit, 0 errors, 3 left on base; Cincinnati 0 - Pittsburgh 0 |
BOTTOM OF THE 6TH |
Pittsburgh Pirates batting - Pitching for Cincinnati Reds : RHP Curt Stevens
|
Batting: RHB Tommie Eaton
|
0-0: Called Strike 0-1: Foul Ball, location: 2F 0-2: DOUBLE (Line Drive, 9LM, EV 107.5 MPH)
|
Batting: RHB Mike Thornton
|
0-0: Called Strike 0-1: Ball 1-1: Ball 2-1: Fly out, F3 (Popup, 3F, EV 71.2 MPH)
|
Batting: RHB Pedro Nin
|
0-0: Called Strike 0-1: Swinging Strike 0-2: Strikes out swinging
|
Batting: RHB Mike Bates
|
0-0: Ground out 4-3 (Groundball, 4, EV 105.0 MPH)
|
Bottom of the 6th over - 0 runs, 1 hit, 0 errors, 1 left on base; Cincinnati 0 - Pittsburgh 0 |
TOP OF THE 7TH |
Cincinnati Reds batting - Pitching for Pittsburgh Pirates : RHP Chad Mangum
|
Batting: LHB Andy Arbuckle
|
0-0: Ball 1-0: Foul Ball, location: 2F 1-1: Ball 2-1: Called Strike 2-2: Fly out, F8 (Line Drive, 8LD, EV 95.0 MPH)
|
Batting: SHB Dave Barefoot
|
0-0: Swinging Strike 0-1: Ball 1-1: Called Strike 1-2: SINGLE (Flyball, 7LS, EV 88.8 MPH)
|
Batting: RHB Tom Beckman
|
0-0: Ball Dave Barefoot is caught stealing 2nd base 2-4 1-0: Called Strike 1-1: Swinging Strike 1-2: Strikes out swinging
|
Top of the 7th over - 0 runs, 1 hit, 0 errors, 0 left on base; Cincinnati 0 - Pittsburgh 0 |
BOTTOM OF THE 7TH |
Pittsburgh Pirates batting - Pitching for Cincinnati Reds : RHP Curt Stevens
|
Batting: RHB Lupe Covarrubias
|
0-0: Called Strike 0-1: Fly out, F9 (Flyball, 9S, EV 83.8 MPH)
|
Batting: RHB Eisse Bravenboer
|
0-0: Called Strike 0-1: Called Strike 0-2: Foul Ball, location: 2F 0-2: Strikes out swinging
|
Batting: RHB Steve Jordan
|
0-0: Ball 1-0: Ball 2-0: Foul Ball, location: 2F 2-1: Ground out 1-3 (Groundball, 25, EV 68.8 MPH)
|
Bottom of the 7th over - 0 runs, 0 hits, 0 errors, 0 left on base; Cincinnati 0 - Pittsburgh 0 |
TOP OF THE 8TH |
Cincinnati Reds batting - Pitching for Pittsburgh Pirates : RHP Chad Mangum
|
Pinch Hitting: LHB Shawn Morrison
|
0-0: Called Strike 0-1: Foul Ball, location: 2F 0-2: Ball 1-2: DOUBLE (Line Drive, 7LS, EV 90.0 MPH)
|
Pitching: LHP Riichi Yamashita
|
|
Pinch Hitting: RHB Omar Quintana
|
0-0: Ball 1-0: Ground out 5-3 (Groundball, 5L, EV 101.9 MPH)
|
Batting: RHB Willie Cardamone
|
0-0: Intentional Walk
|
Batting: RHB Fred Slade
|
0-0: Called Strike 0-1: Ball 1-1: Foul Ball, location: 2F 1-2: Fly out, F3 (Popup, 3SF, EV 90.0 MPH)
|
Batting: LHB Sean Geisler
|
0-0: Fly out, F3 (Popup, 3, EV 78.1 MPH)
|
Top of the 8th over - 0 runs, 1 hit, 0 errors, 2 left on base; Cincinnati 0 - Pittsburgh 0 |
BOTTOM OF THE 8TH |
Pittsburgh Pirates batting - Pitching for Cincinnati Reds : RHP Curt Stevens
|
Pitching: RHP Juan Barroso
|
|
Now at C: Omar Quintana
|
|
Now at 3B: Andy Arbuckle
|
|
Now in LF: Shawn Morrison
|
|
Batting: SHB Marvin McAleer
|
0-0: Called Strike 0-1: Ball 1-1: Foul Ball, location: 2F 1-2: Ball 2-2: Foul Ball, location: 2F 2-2: Ball 3-2: Ground out 5-3 (Groundball, 56, EV 86.2 MPH)
|
Batting: LHB Theodore Conboy
|
0-0: SINGLE (Groundball, 3S, EV 71.2 MPH) (infield hit)
|
Batting: RHB Tommie Eaton
|
0-0: Ball 1-0: Called Strike 1-1: Swinging Strike 1-2: Ball 2-2: Ball 3-2: SINGLE (Groundball, 4S, EV 72.5 MPH) (infield hit) Theodore Conboy to second
|
Batting: RHB Mike Thornton
|
0-0: Ball 1-0: Foul Ball, location: 2F 1-1: Called Strike 1-2: Foul Ball, location: 2F 1-2: Fielders Choice at 2nd, 4-6 (Groundball, 4M, EV 85.6 MPH) Theodore Conboy to third
|
Batting: RHB Pedro Nin
|
0-0: Swinging Strike 0-1: Fly out, F7 (Flyball, 78S, EV 78.1 MPH)
|
Bottom of the 8th over - 0 runs, 2 hits, 0 errors, 2 left on base; Cincinnati 0 - Pittsburgh 0 |
TOP OF THE 9TH |
Cincinnati Reds batting - Pitching for Pittsburgh Pirates : LHP Riichi Yamashita
|
Pitching: RHP Steve Grier
|
|
Batting: LHB Jon Ledesma
|
0-0: Called Strike 0-1: Ball 1-1: Ball 2-1: Ground out 4-3 (Groundball, 4, EV 101.9 MPH)
|
Batting: LHB Andy Arbuckle
|
0-0: Called Strike 0-1: Ground out 4-3 (Groundball, 4, EV 91.9 MPH)
|
Batting: SHB Dave Barefoot
|
0-0: Called Strike 0-1: Swinging Strike 0-2: Foul Ball, location: 2F 0-2: Ball 1-2: Ground out 4-3 (Groundball, 4, EV 90.6 MPH)
|
Top of the 9th over - 0 runs, 0 hits, 0 errors, 0 left on base; Cincinnati 0 - Pittsburgh 0 |
BOTTOM OF THE 9TH |
Pittsburgh Pirates batting - Pitching for Cincinnati Reds : RHP Juan Barroso
|
Pitching: RHP David Silva
|
|
Batting: RHB Mike Bates
|
0-0: Called Strike 0-1: Called Strike 0-2: Strikes out looking
|
Batting: RHB Lupe Covarrubias
|
0-0: Ground out 5-3 (Groundball, 56S, EV 78.8 MPH)
|
Batting: RHB Eisse Bravenboer
|
0-0: Ball 1-0: Ball 2-0: Fly out, F8 (Flyball, 8RM, EV 81.9 MPH)
|
Bottom of the 9th over - 0 runs, 0 hits, 0 errors, 0 left on base; Cincinnati 0 - Pittsburgh 0 |
TOP OF THE 10TH |
Cincinnati Reds batting - Pitching for Pittsburgh Pirates : RHP Steve Grier
|
Pinch Hitting: LHB Jesus Lozano
|
0-0: Ball 1-0: Ball 2-0: Ball 3-0: Base on Balls
|
Batting: LHB Shawn Morrison
|
0-0: Ball Jesus Lozano steals 2nd base 1-0: Intentional Walk
|
Batting: RHB Omar Quintana
|
0-0: Ball 1-0: Foul Ball, location: 2F 1-1: Swinging Strike 1-2: Ball 2-2: SINGLE (Groundball, 6MD, EV 95.6 MPH) Jesus Lozano to third Shawn Morrison to second Runner from 3rd tries for Home, SAFE, throw by CF to home
|
Batting: RHB Willie Cardamone
|
0-0: Swinging Strike 0-1: Sac Bunt to 25 - play at first, batter OUT! 5-4 Shawn Morrison to third Omar Quintana to second
|
Batting: RHB Fred Slade
|
0-0: Ball 1-0: Foul Ball, location: 2F 1-1: Foul Ball, location: 2F 1-2: Ball 2-2: Strikes out swinging
|
Batting: LHB Sean Geisler
|
0-0: Swinging Strike 0-1: Ball 1-1: Swinging Strike 1-2: Ball 2-2: Ball 3-2: Foul Ball, location: 2F 3-2: Foul Ball, location: 2F 3-2: Strikes out looking
|
Top of the 10th over - 1 run, 1 hit, 0 errors, 2 left on base; Cincinnati 1 - Pittsburgh 0 |
BOTTOM OF THE 10TH |
Pittsburgh Pirates batting - Pitching for Cincinnati Reds : RHP David Silva
|
Pitching: LHP Jose Estrada
|
|
Now at 2B: Jesus Lozano
|
|
Batting: RHB Steve Jordan
|
0-0: Ball 1-0: Called Strike 1-1: SINGLE (Groundball, 6D, EV 98.1 MPH)
|
Batting: SHB Marvin McAleer
|
0-0: Ball 1-0: Foul Ball, location: 2F 1-1: Ball 2-1: Ball 3-1: Base on Balls Steve Jordan to second
|
Pinch Hitting: RHB Raul Mendoza
|
0-0: Foul Ball, location: 2F 0-1: Called Strike 0-2: Ball 1-2: 3-RUN HOME RUN (Flyball, 89XD, EV 101.9 MPH), Distance : 418 ft
|
Bottom of the 10th over - 3 runs, 2 hits, 0 errors, 0 left on base; Cincinnati 1 - Pittsburgh 3 |
|
Game Over ... Pittsburgh defeats Cincinnati, 3 to 1
|
|
|